 Dungeon Crawl Stone Soup version 0.25.0-1-g7eea58d (webtiles) character file.

Game seed: 1639273488230166995

161 auberdahn the Bolt Thrower (level 5, -5/32 HPs)
             Began as a Kobold Hunter on June 23, 2020.
             Was an Initiate of Okawaru.
             Slain by a slave (7 damage)
             ... led by Pikel
             ... on level 4 of the Dungeon.
             The game lasted 00:03:39 (3047 turns).

auberdahn the Bolt Thrower (Kobold Hunter)          Turns: 3047, Time: 00:03:39

Health: -5/32      AC:  8    Str:  9    XL:     5   Next: 70%
Magic:  5/5        EV: 14    Int: 14    God:    Okawaru [......]
Gold:   139        SH:  0    Dex: 15    Spells: 4/4 levels left

rFire    . . .     SeeInvis .   b - +0 short sword
rCold    . . .     Gourm    .   (shield restricted)
rNeg     . . .     Faith    .   m - +0 ring mail
rPois    .         Spirit   .   v - +2 helmet
rElec    .         Reflect  .   (no cloak)
rCorr    .         Harm     .   (no gloves)
MR       .....                  (no boots)
Stlth    +.........             (no amulet)
HPRegen  0.10/turn              (no ring)
MPRegen  0.09/turn              (no ring)

@: no status effects
A: small, carnivore
a: Renounce Religion


You were on level 4 of the Dungeon.
You worshipped Okawaru.
Okawaru was noncommittal.
You were very full.

You visited 1 branch of the dungeon, and saw 4 of its levels.

You collected 139 gold pieces.

Inventory:

Hand Weapons
 a - a +1 hand crossbow
 b - a +0 short sword (weapon)
 o - a +0 long sword
 z - a +0 hunting sling
 A - a +1 dagger of chaos
Missiles
 d - 25 bolts
 i - 63 sling bullets
Armour
 c - a +0 leather armour
 m - a +0 ring mail (worn)
 v - a +2 helmet (worn)
Jewellery
 g - an uncursed ring of protection from magic {unknown}
Scrolls
 e - 6 scrolls of identify {unknown}
 k - 2 scrolls of magic mapping {unknown}
 l - 2 scrolls of immolation {unknown}
 q - 2 scrolls of enchant armour {unknown}
 r - 3 scrolls of random uselessness {unknown}
 t - a scroll of blinking {unknown}
 u - a scroll of teleportation {unknown}
 y - 2 scrolls of remove curse {unknown}
Potions
 h - 2 potions of magic {unknown}
 j - a potion of might {unknown}
 n - a potion of flight {unknown}
 p - a potion of curing {unknown}
 s - a potion of cancellation {unknown}
 w - a potion of lignification {unknown}
 x - 2 potions of stabbing {unknown}
Comestibles
 f - 3 rations {!d}


   Skills:
 + Level 3.5 Fighting
 * Level 6.5 Crossbows
 + Level 3.8 Dodging
 - Level 1.3 Stealth


You had 4 spell levels left.
You didn't know any spells.
Your spell library was empty.

Dungeon Overview and Level Annotations

Branches:
Dungeon (4/15)
 Temple: D:4-7

Altars:
Gozag
Hepliaklqana
Makhleb
Okawaru
Wu Jian
Xom

Annotations:
D:3 3 runed translucent doors, yaymichael's ghost, amateur CeHu


Innate Abilities, Weirdness & Mutations

You are small and have problems with some larger weapons.
You are carnivorous and can eat meat at any time.


Message History

The slave closely misses you.
You hit the slave but do no damage.
The slave is lightly wounded.
The slave hits you. The slave hits you!
* * * LOW HITPOINT WARNING * * *
You hit the slave but do no damage.
The slave is lightly wounded.
The slave hits you.
* * * LOW HITPOINT WARNING * * *
You completely miss the slave.
The slave is lightly wounded.
The slave hits you!
* * * LOW HITPOINT WARNING * * *
You barely miss the slave.
The slave is lightly wounded.
The slave barely misses you.
You miss the slave.
The slave is lightly wounded.
The slave hits you!
You die...

#############
######...........#
.......#########.#
######## #.#
.....# #.# ####.#
#@# #p# #(# #.#
#.# # #.# ...
##.## #(#


You could see a slave.

Vanquished Creatures
  A crimson imp (D:3)
  A worker ant (D:4)
  3 adders
  4 leopard geckos
  An orc (D:3)
  5 bats
  12 giant cockroaches
  12 goblins
  10 hobgoblins
  A kobold (D:1)
  2 quokkas (D:3)
  2 ball pythons
  2 frilled lizards
  5 rats (D:1)
61 creatures vanquished.

Notes
Turn   | Place    | Note
-------+----------+-------------------------------------------
     0 | D:1      | auberdahn the Kobold Hunter began the quest for the Orb.
     0 | D:1      | Reached XP level 1. HP: 12/12 MP: 1/1
    63 | D:1      | Reached skill level 5 in Crossbows
    69 | D:1      | Reached XP level 2. HP: 18/18 MP: 2/2
   595 | D:1      | Reached XP level 3. HP: 15/22 MP: 3/3
  1053 | D:2      | Reached XP level 4. HP: 27/27 MP: 4/4
  1121 | D:2      | Found a faded altar of an unknown god.
  1434 | D:2      | Reached skill level 6 in Crossbows
  1579 | D:3      | Found an ornate altar of the Wu Jian Council.
  1980 | D:3      | Found a hazy altar of Hepliaklqana.
  1996 | D:3      | Reached XP level 5. HP: 23/32 MP: 5/5
  2248 | D:3      | Found a runed translucent gate.
  2249 | D:3      | Found a runed translucent gate.
  2249 | D:3      | Found a runed translucent gate.
  2250 | D:3      | Found an opulent altar of Gozag.
  2251 | D:3      | Noticed yaymichael's ghost (amateur CeHu)
  2375 | D:3      | Found a burning altar of Makhleb.
  2376 | D:3      | Found a shimmering altar of Xom.
  2693 | D:3      | Found an iron altar of Okawaru.
  2884 | D:3      | Became a worshipper of Warmaster Okawaru
  3026 | D:4      | Noticed a slave
  3047 | D:4      | Slain by a slave

Illustrated notes

Levels and vault maps discovered:
D:1:      noname_arrival_rooms_in_the_neighbourhood, layout_rooms
D:2:      minmay_roachtagon, layout_rooms,
          chequers_ecumenical_altar_simple_redux
D:3:      layout_loops_ring, grunt_temple_overflow_champion_of_chaos,
          lemuel_doored_altar, lemuel_crystal_altar,
          nicolae_overflow_crystal_walls, ebering_ghost_gozag
D:4:      layout_loops_ring, good_gods_mini_temple, moated_statue, uniq_pikel

Skill      XL: |  1  2  3  4 |
---------------+-------------+-----
Crossbows      | 5 6 |  6.5
Dodging        | 3 |  3.8
Fighting       | 3 |  3.5
Stealth        | |  1.3

Action                   |  1- 3 |  4- 6 || total
-------------------------+-------+-------++-------
Melee: Short sword       |    18 |    37 ||    55
       Long sword        |       |    62 ||    62
 Fire: Hand crossbow     |    77 |    26 ||   103
  Eat: Chunk             |     9 |     4 ||    13
Armor: Leather armour    |    15 |       ||    15
       Ring mail         |     3 |    46 ||    49
Dodge: Dodged            |    73 |   106 ||   179
       Rpst.: Long sword |       |    22 ||    22
